 Dungeon Sprint DCSS version 0.23.2-1-ga50397a (webtiles) character file.

Game seed: 16611924642548168893

12958 doot the Impaler (level 11, -7/96 HPs)
             Began as a Demonspawn Gladiator on Apr 15, 2019.
             Was the Champion of Qazlal.
             Killed by divine providence
             ... invoked by Saint Roka
              (10 damage)
             ... in the Dungeon (Sprint VII: "The Pits").
             The game lasted 00:21:21 (4498 turns).

doot the Impaler (Demonspawn Gladiator)             Turns: 4498, Time: 00:21:22

Health: -7/96      AC: 19    Str: 20    XL:     11   Next: 69%
Magic:  0/15       EV: 19    Int: 10    God:    Qazlal [******]
Gold:   51         SH:  8    Dex: 22    Spells: 10/10 levels left

rFire    . . .     SeeInvis .   w - +2 halberd (venom)
rCold    . . .     Gourm    .   (shield currently unavailable)
rNeg     . . .     Faith    .   x - +4 scale mail
rPois    .         Spirit   +   c - +0 helmet
rElec    .         Reflect  .   y - +0 cloak
rCorr    .         Harm     .   (no gloves)
MR       .....     NoTele   +   (no boots)
Stlth    +.........             (no amulet)
HPRegen  0.26/turn              t - +3 ring of dexterity
MPRegen  0.14/turn              u - +3 ring of strength

@: lethally poisoned (-7 -> -19), protected from physical damage, berserk
cooldown, slowed, repel missiles, very slow
A: claws 1, thin skeletal structure 2, foul stench 1, magic shield, rot immunity
a: Upheaval, Elemental Force, Disaster Area, Renounce Religion


You were in the Dungeon.
You worshipped Qazlal.
Qazlal was exalted by your worship.
You were not hungry.

You visited 1 branch You collected 51 gold pieces.

Inventory:

Hand Weapons
 w - a +2 halberd of venom (weapon)
Missiles
 d - 2 throwing nets (quivered)
Armour
 b - a +0 leather armour
 c - a +0 helmet (worn)
 q - a +2 plate armour
 x - a +4 scale mail (worn)
 y - a +0 cloak (worn)
 H - the cursed +1 leather armour of Okawaru's Regard {Regen+}
   (You found it in the Dungeon)

   It increases your rate of regeneration.
   It has a curse placed upon it.
Jewellery
 t - a +3 ring of dexterity (left claw)
 u - a +3 ring of strength (right claw)
 G - an uncursed ring of positive energy
 I - an uncursed ring of positive energy
Wands
 r - a wand of digging (5)
Scrolls
 k - a scroll of blinking
 n - 6 scrolls of remove curse
 o - 5 scrolls of amnesia
 p - a scroll of summoning
 A - 2 scrolls of enchant weapon
 B - 2 scrolls of fear
 C - a scroll of fog
 D - 2 scrolls of identify
 F - 2 scrolls of enchant armour
Potions
 e - 8 potions of curing
 g - 14 potions of heal wounds
 h - 6 potions of haste
 i - 4 potions of magic
 j - a potion of berserk rage
 m - 2 potions of invisibility
 s - a potion of might
 v - 2 potions of agility
 E - 2 potions of brilliance
Comestibles
 a - 3 chunks of flesh
 f - 10 rations


   Skills:
 + Level 12.4 Fighting
 + Level 16.7 Polearms
 + Level 3.5 Throwing
 + Level 12.2 Armour
 + Level 10.8 Dodging
 + Level 6.5 Stealth
 + Level 5.8 Invocations


You had 10 spell levels left.
You didn't know any spells.
Your spell library was empty.

Dungeon Overview and Level Annotations

Branches:
Dungeon (1/1)

Altars:
Ashenzari
Cheibriados
Dithmenos
Elyvilon
Fedhas
Gozag
Hepliaklqana
Kikubaaqudgha
Makhleb
Nemelex Xobeh
Okawaru
Qazlal
Ru
Sif Muna
Trog
Uskayaw
Vehumet
Wu Jian
Xom
Yredelemnul
Zin
The Shining One
Beogh
Jiyva
Lugonu

Annotations:
D Saint Roka


Innate Abilities, Weirdness & Mutations

You have sharp fingernails.
You have a moderately thin skeletal structure. (Dex +4, Stealth+)
You may emit foul miasma when damaged in melee.
When hurt, damage is shared between your health and your magic reserves.
You are immune to rotting.


Message History

Unknown command.
You closely miss Saint Roka.
Saint Roka is severely wounded.
* * * LOW HITPOINT WARNING * * *
You feel sick.
Unknown command.
You slice Saint Roka!!
Saint Roka looks as sick as possible!
Saint Roka is almost dead.
You are no longer berserk.
You are exhausted.
You feel yourself slow down.
Unknown command.
Unknown command.
You closely miss Saint Roka.
Saint Roka is almost dead.
* * * LOW HITPOINT WARNING * * *
You feel sick.
Saint Roka mumbles some strange prayers to Beogh against you.
Beogh smites you!
You die...

#.#..'.))).##.......# ##')## ###.
#.#..#÷)))[##.......###....###...
#'###########.......##......#....
#.......#..###########.....))...)
#.......#.############......#....
#...#...#(#....#..[.###....###...
#..###..#[#....#...[# ##''## ###.
#...#...#.')..§o☼.))###....## ##
#.......#'#....#@°.)##......# ##
#.......'.#....#.☼°)##......# #.
############################# ##


You could see Saint Roka.

Vanquished Creatures
  A hydra (D)
  A deep troll (D)
  2 unseen horrors (D)
  An orc knight (D)
  A deep elf mage (D)
  2 lindwurms (D)
  An orc sorcerer (D)
  2 gargoyles (D)
  An eye of devastation (D)
  A spiny frog (D)
  A yaktaur (D)
  A rime drake (D)
  A demonic crawler (D)
  A guardian mummy (D)
  A hornet (D)
  4 blink frogs (D)
  A snapping turtle (D)
  4 dream sheep (D)
  A bog body (D)
  A ynoxinul (D)
  2 flying skulls (D)
  A redback (D)
  A spriggan (D)
  A basilisk (D)
  Grum (D)
  A hungry ghost (D)
  A warg (D)
  3 insubstantial wisps (D)
  2 water moccasins (D)
  3 soldier ants (D)
  5 orc warriors (D)
  A sky beast (D)
  2 phantoms (D)
  An eye of draining (D)
  3 ogres (D)
  4 wolves (D)
  A big kobold (D)
  10 killer bees (D)
  2 crimson imps (D)
  A quasit (D)
  A hound (D)
  An orc priest (D)
  Jessica (D)
  An iguana (D)
  Ijyb (D)
  5 orc wizards (D)
  2 worker ants (D)
  A mummy (D)
  A river rat (D)
  An ufetubus (D)
  13 orcs (D)
  3 bats (D)
  A giant cockroach (D)
  2 hobgoblins (D)
  4 jackals (D)
113 creatures vanquished.

Notes
Turn   | Place    | Note
-------+----------+-------------------------------------------
     0 | D        | doot the Demonspawn Gladiator began the quest for the Orb.
     0 | D        | Reached XP level 1. HP: 16/16 MP: 1/1
    13 | D        | Reached skill level 3 in Polearms
    19 | D        | Found a bloodstained altar of Trog.
    19 | D        | Found a deep blue altar of Sif Muna.
    19 | D        | Found a viscous altar of Jiyva.
    19 | D        | Found a hazy altar of Hepliaklqana.
    19 | D        | Found an opulent altar of Gozag.
    20 | D        | Found a glowing golden altar of the Shining One.
    20 | D        | Found a glowing silver altar of Zin.
    20 | D        | Found a basalt altar of Yredelemnul.
    20 | D        | Found a shimmering altar of Xom.
    20 | D        | Found an ornate altar of the Wu Jian Council.
    20 | D        | Found a sacrificial altar of Ru.
    20 | D        | Found a stormy altar of Qazlal.
    20 | D        | Found an iron altar of Okawaru.
    20 | D        | Found a sparkling altar of Nemelex Xobeh.
    20 | D        | Found a burning altar of Makhleb.
    20 | D        | Found a blossoming altar of Fedhas.
    20 | D        | Found a white marble altar of Elyvilon.
    20 | D        | Found a shadowy altar of Dithmenos.
    20 | D        | Found a snail-covered altar of Cheibriados.
    22 | D        | Found a corrupted altar of Lugonu.
    22 | D        | Found a radiant altar of Vehumet.
    22 | D        | Found a roughly hewn altar of Beogh.
    23 | D        | Found an ancient bone altar of Kikubaaqudgha.
    23 | D        | Found a hide-covered altar of Uskayaw.
    23 | D        | Found a shattered altar of Ashenzari.
    26 | D        | Became a worshipper of Qazlal Stormbringer
   192 | D        | Gained mutation: You have sharp fingernails. [demonic
                  | ancestry]
   192 | D        | Reached XP level 2. HP: 22/22 MP: 2/2
   304 | D        | Reached * piety under Qazlal
   324 | D        | Reached ** piety under Qazlal
   333 | D        | Reached skill level 4 in Polearms
   333 | D        | Reached skill level 1 in Armour
   333 | D        | Reached skill level 1 in Stealth
   333 | D        | Gained mutation: You are immune to rotting. [demonic
                  | ancestry]
   333 | D        | Reached XP level 3. HP: 18/28 MP: 3/3
   448 | D        | Noticed a sky beast
   483 | D        | Killed a sky beast
   483 | D        | Reached *** piety under Qazlal
   483 | D        | Reached skill level 6 in Polearms
   483 | D        | Reached skill level 5 in Dodging
   483 | D        | Reached XP level 4. HP: 24/35 MP: 4/4
   483 | D        | Reached XP level 5. HP: 29/41 MP: 5/5
   647 | D        | Noticed a water moccasin
   652 | D        | Killed a water moccasin
   652 | D        | Reached skill level 7 in Polearms
   675 | D        | Noticed a deep elf mage
   699 | D        | Gained mutation: You may emit foul miasma when damaged in
                  | melee. [demonic ancestry]
   699 | D        | Reached XP level 6. HP: 37/48 MP: 6/6
   718 | D        | Reached **** piety under Qazlal
   729 | D        | Killed a deep elf mage
   729 | D        | Reached skill level 5 in Fighting
   729 | D        | Reached skill level 9 in Polearms
   729 | D        | Reached skill level 5 in Armour
   729 | D        | Reached skill level 5 in Stealth
   729 | D        | Gained mutation: You have a somewhat thin skeletal
                  | structure. (Dex +2, Stealth) [demonic ancestry]
   729 | D        | Reached XP level 7. HP: 38/56 MP: 7/7
   860 | D        | Noticed a flying skull
   890 | D        | Killed a flying skull
   890 | D        | Reached ***** piety under Qazlal
   890 | D        | Reached skill level 10 in Polearms
  1029 | D        | Killed an unseen horror
  1029 | D        | Gained mutation: You have a moderately thin skeletal
                  | structure. (Dex +4, Stealth+) [demonic ancestry]
  1029 | D        | Reached XP level 8. HP: 16/65 MP: 8/8
  1287 | D        | Noticed Ijyb
  1309 | D        | Killed Ijyb
  1322 | D        | Reached skill level 11 in Polearms
  1494 | D        | Found the +2 Maxwell's thermic engine {flame, freeze}
  1615 | D        | Noticed Jessica
  1615 | D        | Noticed a guardian mummy
  1618 | D        | Killed Jessica
  1654 | D        | Killed a guardian mummy
  1654 | D        | Reached XP level 9. HP: 72/72 MP: 9/9
  1770 | D        | Noticed a lindwurm
  1898 | D        | Reached ****** piety under Qazlal
  1918 | D        | Reached skill level 12 in Polearms
  2119 | D        | Killed a lindwurm
  2119 | D        | Reached skill level 10 in Armour
  2352 | D        | Noticed a lindwurm
  2360 | D        | Noticed a rime drake
  2361 | D        | Killed a lindwurm
  2361 | D        | Reached skill level 13 in Polearms
  2393 | D        | Reached skill level 1 in Invocations
  2399 | D        | Reached XP level 10. HP: 32/83 MP: 5/10
  2452 | D        | Killed an unseen horror
  2731 | D        | Reached skill level 14 in Polearms
  2737 | D        | Reached skill level 10 in Fighting
  2967 | D        | Noticed a gargoyle
  2967 | D        | Noticed an eye of devastation
  2974 | D        | Killed a gargoyle
  2975 | D        | Noticed a deep troll
  2982 | D        | Killed an eye of devastation
  2987 | D        | Killed a deep troll
  2991 | D        | Reached skill level 15 in Polearms
  2991 | D        | Reached skill level 10 in Dodging
  3058 | D        | Noticed an eight-headed hydra
  3059 | D        | Noticed a spiny frog
  3063 | D        | Gained mutation: When hurt, damage is shared between your
                  | health and your magic reserves. [demonic ancestry]
  3063 | D        | Reached XP level 11. HP: 92/92 MP: 14/14
  3221 | D        | Killed a nine-headed hydra
  3433 | D        | Noticed Grum
  3482 | D        | Killed Grum
  3482 | D        | Reached skill level 16 in Polearms
  3482 | D        | Reached skill level 5 in Invocations
  3714 | D        | Got the cursed +1 leather armour of Okawaru's Regard
                  | {Regen+}
  3897 | D        | Noticed an orc knight
  3935 | D        | Killed an orc knight
  4092 | D        | Noticed an orc sorcerer
  4106 | D        | Killed an orc sorcerer
  4320 | D        | Noticed Saint Roka
  4496 | D        | HP: 7/144 [poisoned by Saint Roka]
  4498 | D        | HP: 3/96 [poisoned by Saint Roka]
  4498 | D        | Killed from afar by Saint Roka

Skill      XL: |  1  2  3  4  5  6  7  8  9 10 11 |
---------------+----------------------------------+-----
Polearms       | 3 4 6 7 9 10 11 13 15 16 | 16.7
Throwing       | 2 3 |  3.5
Dodging        | 3 4 5 6 7 8 10 | 10.8
Armour         | 1 2 3 5 7 9 10 11 12 | 12.2
Stealth        | 1 3 4 5 6 |  6.5
Fighting       | 3 4 5 6 7 9 10 12 | 12.4
Invocations    | 1 4 5 |  5.8

Action                   |  1- 3 |  4- 6 |  7- 9 | 10-12 || total
-------------------------+-------+-------+-------+-------++-------
Melee: Trident           |    61 |    46 |   110 |       ||   217
       Halberd           |       |       |    52 |   262 ||   314
Throw: Throwing net      |     1 |       |       |       ||     1
Invok: Disaster Area     |       |       |     1 |       ||     1
       Upheaval          |       |       |       |     4 ||     4
  Use: Potion            |       |       |     1 |     2 ||     3
 Stab: Held in net/web   |     2 |       |       |       ||     2
       Distracted        |     1 |       |       |       ||     1
       Sleeping          |     1 |       |       |       ||     1
  Eat: Chunk             |       |       |     1 |     9 ||    10
       Ration            |       |       |     1 |       ||     1
Armor: Leather armour    |    20 |       |       |       ||    20
       Plate armour      |       |    49 |    64 |       ||   113
       Scale mail        |       |       |    31 |    49 ||    80
Dodge: Dodged            |    45 |    20 |    76 |   102 ||   243
       Deflected         |       |       |       |     3 ||     3
Block: Other             |     6 |     9 |    57 |    61 ||   133
